 Dungeon Crawl Stone Soup version 0.16-a0-4115-ga5ed934 (webtiles) character file.

89 Minkie the Magician (level 4, -2/24 HPs)
             Began as a Deep Elf Fire Elementalist on Mar 1, 2015.
             Was an Initiate of Vehumet.
             Killed by an exploding giant spore (24 damage)
             ... on level 3 of the Dungeon.
             The game lasted 00:09:46 (2660 turns).

Minkie the Magician (Deep Elf Fire Elementalist)    Turns: 2660, Time: 00:09:46

Health: -2/24      AC:  2    Str:  6    XL:     4   Next: 31%
Magic:  13/15      EV: 13    Int: 20    God:    Vehumet [......]
Gold:   153        SH:  0    Dex: 15    Spells: 2 memorised, 8 levels left

rFire  . . .     SeeInvis .     d - +0 whip
rCold  . . .     Clarity  .     a - +0 robe
rNeg   . . .     SustAb   +     (no shield)
rPois  .         Gourm    .     (no helmet)
rElec  .         Spirit   .     (no cloak)
rCorr  .         Warding  .     (no gloves)
rMut   .         Stasis   .     (no boots)
MR     .....                    (no amulet)
Stlth  +.........               (no ring)
                                o - ring of sustain abilities

@: confused, not resistant to hostile enchantments, very unstealthy
A: no striking features
a: Renounce Religion


You were on level 3 of the Dungeon.
You worshipped Vehumet.
Vehumet was noncommittal.
You were not hungry.

You visited 1 branch of the dungeon, and saw 3 of its levels.

You collected 153 gold pieces.

Inventory:

Hand weapons
 d - a +0 whip (weapon)
Armour
 a - a +0 robe (worn)
Jewellery
 o - a ring of sustain abilities (left hand)
Scrolls
 e - 2 scrolls of magic mapping {unknown}
 g - 7 scrolls of identify {unknown}
 h - a scroll of remove curse {unknown}
 i - 3 scrolls of teleportation {unknown}
 k - a scroll of recharging {unknown}
Books
 b - a book of Flames

   Spells                             Type                      Level
   a - Flame Tongue                   Conjuration/Fire             1
   b - Throw Flame                    Conjuration/Fire             2
   c - Conjure Flame                  Conjuration/Fire             3
   d - Inner Flame                    Hexes/Fire                   3
   e - Sticky Flame                   Conjuration/Fire             4
   f - Fireball                       Conjuration/Fire             5
 j - Kikubaaqudgha's Reference Book on Evil
   (You found it on level 2 of the Dungeon)

   Spells                             Type                      Level
   a - Pain                           Necromancy                   1
 m - Sif Muna's Collected Works on Bewitchment
   (You found it on level 2 of the Dungeon)

   Spells                             Type                      Level
   a - Corona                         Hexes                        1
 n - Vehumet's Papyrus of Arcane Weapons
   (You found it on level 2 of the Dungeon)

   Spells                             Type                      Level
   a - Magic Dart                     Conjuration                  1
Comestibles
 c - 2 bread rations
 f - a beef jerky
 l - a meat ration
 p - a chunk of flesh


   Skills:
 - Level 2.4 Dodging
 - Level 2.4 Stealth
 + Level 4.6 Spellcasting
 + Level 2.4 Conjurations
 + Level 4.2 Fire Magic


You had 8 spell levels left.
You knew the following spells:

 Your Spells              Type           Power        Failure   Level  Hunger
a - Flame Tongue          Conj/Fire      ###..        3%          1    None
b - Conjure Flame         Conj/Fire      ###.....     12%         3    ##.....


Dungeon Overview and Level Annotations

Branches:
Dungeon (3/15)

Altars:
Kikubaaqudgha
Qazlal
Ru
Sif Muna
Vehumet
Xom
Zin


Message History

Press: ? - help, Shift-Dir - straight line, f - bat
Aim: a bat The flame tongue hits the bat.
The bat is moderately wounded.
The bat barely misses you. The bat hits you.
Casting: Flame Tongue
Confirm with . or Enter, or press ? or * to list all spells.
Aiming: Flame Tongue
Press: ? - help, Shift-Dir - straight line, f/p - bat
Aim: a bat (moderately wounded)
The flame tongue misses the bat.
The bat hits you but does no damage. The bat barely misses you.
The giant spore explodes!
A fungus suddenly grows.
The bat appears confused.
The explosion of spores engulfs the bat.
The bat dies!
The explosion of spores engulfs you!
You are confused.
Ouch! That really hurt!
You die...

#.# .#.# #.########## #.#.#
#.#......<.# #.#.#
#........... #.#.#
#.#........#
####.#.#######...........
.....#.........###.#.##.#
#####........##..#...#..#.#
...........@.............#..
..P........##.....#.#.#..#.#
##.#.##.#P###.....#.#.#..#.#
#g#................#.#
#(#####.........#..### #.
#.#...#.........
#.#####.##..#.......[.
....................#.
#.#..............(..#.


There were no monsters in sight!

Vanquished Creatures
  3 adders (D:2)
  4 worms
  2 giant geckos (D:2)
  An ooze (D:3)
  6 bats
  2 giant cockroaches
  5 hobgoblins
  3 jackals (D:2)
  4 kobolds
  5 giant newts
  2 goblins (D:1)
  6 rats
43 creatures vanquished.

Vanquished Creatures (others)
  A bat (D:3)
1 creature vanquished.

Grand Total: 44 creatures vanquished

Notes
Turn   | Place    | Note
--------------------------------------------------------------
     0 | D:1      | Minkie, the Deep Elf Fire Elementalist, began the quest for the Orb.
     0 | D:1      | Reached XP level 1. HP: 10/10 MP: 5/5
   404 | D:1      | Reached XP level 2. HP: 15/15 MP: 6/8
  1085 | D:2      | Found a sacrificial altar of Ru.
  1094 | D:2      | Found a stormy altar of Qazlal.
  1095 | D:2      | Found a shimmering altar of Xom.
  1095 | D:2      | Found a glowing silver altar of Zin.
  1153 | D:2      | Reached XP level 3. HP: 16/19 MP: 6/11
  1331 | D:2      | Learned a level 3 spell: Conjure Flame
  1336 | D:2      | Reached skill level 4 in Spellcasting
  2273 | D:2      | Reached XP level 4. HP: 24/24 MP: 6/15
  2505 | D:2      | Found a deep blue altar of Sif Muna.
  2509 | D:2      | Identified Sif Muna's Collected Works on Bewitchment
  2515 | D:2      | Found a radiant altar of Vehumet.
  2519 | D:2      | Identified Vehumet's Papyrus of Arcane Weapons
  2521 | D:2      | Became a worshipper of Vehumet
  2526 | D:2      | Found an ancient bone altar of Kikubaaqudgha.
  2530 | D:2      | Identified Kikubaaqudgha's Reference Book on Evil
  2660 | D:3      | Killed by an exploding giant spore

Action                   |  1- 3 |  4- 6 || total
-------------------------+-------+-------++-------
Melee: Whip              |     3 |       ||     3
 Cast: Flame Tongue      |    74 |    16 ||    90
  Eat: Chunk             |     4 |     1 ||     5
